 Dungeon Crawl Stone Soup version 0.26-b1-32-g5d43845318 (webtiles) character file.

Game seed: 13348851273605643307

42 raceaflais the Ruffian (level 3, 0/28 HPs)
             Began as a Draconian Transmuter on Jan 4, 2021.
             Was an Initiate of Vehumet.
             Slain by a gnoll
             ... wielding a +0 spear
              (5 damage)
             ... on level 2 of the Dungeon.
             The game lasted 00:05:25 (2510 turns).

raceaflais the Ruffian (Draconian Transmuter)       Turns: 2510, Time: 00:05:27

Health: 0/28       AC:  5    Str: 10 (13) XL:     3   Next: 33%
Magic:  5/6        EV: 12    Int: 11 (13) God:    Vehumet [......]
Gold:   56         SH:  0    Dex: 10 (11) Spells: 6/7 levels left

rFire    . . .     SeeInvis .   i - +0 dagger
rCold    . . .     Faith    .   (no shield)
rNeg     . . .     Spirit   .   (armour unavailable)
rPois    .         Reflect  .   (helmet currently unavailable)
rElec    .         Harm     .   (no cloak)
rCorr    .         Rampage  .   (no gloves)
Will     .....                  (boots currently unavailable)
Stlth    +.........             (no amulet)
HPRegen  0.09/turn              a - ring of wizardry
MPRegen  0.10/turn              (no ring)

@: appendages
A: unfitting armour, horns 2, talons 2, cold-blooded, AC +5
a: End Transformation, Renounce Religion


You were on level 2 of the Dungeon.
You worshipped Vehumet.
Vehumet was noncommittal.
You had grown temporary horns.
You had grown temporary talons.
You visited 1 branch of the dungeon, and saw 2 of its levels.

You collected 56 gold pieces.

Inventory:

Hand Weapons
 i - a +0 dagger (weapon)
Missiles
 c - 9 poisoned darts
 d - 65 stones
 e - 30 arrows
Armour
 b - a cursed -1 leather armour
Jewellery
 a - a ring of wizardry (left hand)
Scrolls
 g - 3 scrolls of remove curse


   Skills:
 + Level 1.1 Fighting
 + Level 2.0 Dodging
 + Level 0.1 Stealth
 + Level 3.5 Unarmed Combat
 + Level 2.5 Spellcasting
 + Level 2.4 Transmutations


You had 6 spell levels left.
You knew the following spells:

 Your Spells              Type           Power        Failure   Level
a - Beastly Appendage     Tmut           12%          4%          1

Your spell library contained the following spells:

 Spells                   Type           Power        Failure   Level
 Wereblood                Tmut           6%           6%          2
 Spider Form              Tmut/Pois      2%           21%         3
 Ice Form                 Ice/Tmut       4%           52%         4
 Blade Hands              Tmut           3%           69%         5


Dungeon Overview and Level Annotations

Branches:
Dungeon (2/15)

Altars:
Vehumet


Innate Abilities, Weirdness & Mutations

Your plain brown scales are hard. (AC +5)
You cannot fit into any form of body armour.
You are cold-blooded and may be slowed by cold attacks.
You have a pair of horns on your head.
You have razor-sharp toenails.


Message History

There was something very wrong with that liquid.
You feel weakened.
You feel dopey.
You feel clumsy.
The gnoll hits you but does no damage. x2
As you read the scroll labelled FANICY XUPNOHI, it crumbles to dust.
It is a scroll of identify.
g - 3 scrolls of remove curse The gnoll hits you with a +0 whip.
The gnoll barely misses you.
You are too injured to fight recklessly!
The gnoll barely misses you.
There is an open door here.
Your horns disappear.
Your talons disappear.
The gnoll hits you but does no damage.
The gnoll hits you from afar with a +0 spear.
Casting: Beastly Appendage (safe; 4% risk of failure)
Confirm with . or Enter, or press ? or * to list all spells.
You grow a pair of large bovine horns.
Your feet morph into talons.
The gnoll hits you with a +0 whip.
* * * LOW HITPOINT WARNING * * *
The gnoll hits you from afar with a +0 spear.
You die...

#.[)....# #....รท..#
######.......#
###.....)......#
............####
....).......+
............#
............#############
#############...@........
# #.###g###..## #######
#.# #g# ......#
#.###'###..#
#####.#######...)_###..#
#..........#..###'###....
#.###.####....# #.# ##
#.)...# #.##.# #.#
####### #.........


You could see 2 gnolls.

Vanquished Creatures
  A gnoll (D:2)
  2 dart slugs
  3 leopard geckos
  A giant cockroach (D:1)
  2 goblins (D:1)
  6 hobgoblins
  4 kobolds (D:1)
  2 bats (D:1)
  A frilled lizard (D:1)
  2 rats (D:1)
24 creatures vanquished.

Notes
Turn   | Place    | Note
-------+----------+-------------------------------------------
     0 | D:1      | raceaflais the Draconian Transmuter began the quest for the
                  | Orb.
     0 | D:1      | Reached XP level 1. HP: 16/16 MP: 3/3
  1453 | D:1      | Reached XP level 2. HP: 23/23 MP: 3/5
  2177 | D:2      | Reached XP level 3. HP: 15/28 MP: 6/6
  2488 | D:2      | Found a radiant altar of Vehumet.
  2491 | D:2      | Became a worshipper of Vehumet
  2510 | D:2      | Slain by a gnoll

Illustrated notes

Levels and vault maps discovered:
D:1:      lemuel_arrival_cross, layout_loops_ring, hex_large
D:2:      minmay_alternating_diamond, layout_basic, old_standard_altar,
          lemuel_doored_altar

Skill      XL: |  1  2 |
---------------+-------+-----
Dodging        | 2 |  2.0
Fighting       | |  1.1
Stealth        | |  0.1
Unarmed Combat | |  3.5
Spellcasting   | |  2.5
Transmutations | |  2.4

Action                   || total
-------------------------++-------
Melee: Unarmed           ||    42
       Headbutt          ||    10
       Kick              ||    12
       Punch             ||     1
       Dagger            ||    22
       Tailslap          ||     4
 Cast: Beastly Appendage ||    22
  Use: Scroll            ||     3
       Potion            ||     2
Armor: Skin              ||    21
Dodge: Dodged            ||    35
